 Dungeon Crawl Stone Soup version 0.26.1-11-gd32895ea62 (webtiles) character file.

Game seed: 3570892689167980546

52 Acheron the Sneak (level 3, -2/18 HPs)
             Began as a Vine Stalker Brigand on June 16, 2021.
             Slain by a sky beast (3 damage)
             ... on level 4 of the Dungeon.
             The game lasted 00:03:47 (1163 turns).

Acheron the Sneak (Vine Stalker Brigand)            Turns: 1163, Time: 00:03:48

Health: -2/18      AC:  4    Str: 13    XL:     3   Next: 85%
Magic:  0/4        EV: 11    Int: 12    God:
Gold:   134        SH:  0    Dex: 15    Spells: 2/2 levels left

rFire    . . .     SeeInvis .   a - +2 dagger
rCold    . . .     Faith    .   (no shield)
rNeg     . . .     Spirit   +   p - +0 leather armour
rPois    .         Reflect  .   (no helmet)
rElec    .         Harm     .   c - +0 cloak
rCorr    .         Rampage  .   (no gloves)
Will     .....                  (no boots)
Stlth    +++.......             (no amulet)
HPRegen  0.06/turn              (no ring)
MPRegen  0.09/turn              (no ring)

@: no status effects
A: fangs 2, magic shield, antimagic bite, no potion heal 3
a: no special abilities


You were on level 4 of the Dungeon.
You visited 1 branch of the dungeon, and saw 4 of its levels.

You collected 134 gold pieces.

Inventory:

Hand Weapons
 a - a +2 dagger (weapon)
 l - a +0 antimagic dagger
Missiles
 d - 8 poisoned darts (quivered)
 e - 2 curare-tipped darts
 h - 40 sling bullets
Armour
 b - a +0 robe
 c - a +0 cloak (worn)
 p - a +0 leather armour (worn)
Jewellery
 i - a cursed ring of teleportation {unknown}
 j - an uncursed ring of flight {unknown}
 q - a +6 ring of strength {unknown}
Scrolls
 n - a scroll of enchant weapon {unknown}
 o - 6 scrolls of teleportation {unknown}
Potions
 f - a potion of resistance {unknown}
 g - 2 potions of attraction {unknown}
 k - 2 potions of haste {unknown}
 m - a potion of brilliance {unknown}


   Skills:
 + Level 2.0 Fighting
 + Level 2.3 Short Blades
 + Level 2.0 Throwing
 + Level 0.7 Dodging
 + Level 5.9 Stealth


You had 2 spell levels left.
You didn't know any spells.
Your spell library was empty.

Dungeon Overview and Level Annotations

Branches:
Dungeon (4/15)
 Temple: D:4-7

Altars:

Annotations:
D:4 Eustachio


Innate Abilities, Weirdness & Mutations

You have extremely sharp teeth.
When hurt, damage is shared between your health and your magic reserves.
Your bite disrupts and absorbs the magic of your enemies.
Potions cannot restore your health.


Message History

Found a scroll labelled WUHAIX GE FEUT.
Found a stone staircase leading up.
There is a stone staircase leading up here.
The helpless Eustachio fails to defend himself.
You impale Eustachio!!
Eustachio is heavily wounded.
You hit Eustachio. Your bite misses Eustachio.
Eustachio is heavily wounded.
Eustachio misses you. The sky beast completely misses you.
You hit Eustachio but do no damage. You bite Eustachio, but do no damage.
Eustachio is heavily wounded.
The sky beast barely misses you. Eustachio closely misses you.
You hit Eustachio.
Eustachio is severely wounded.
The sky beast hits you.
* * * LOW HITPOINT WARNING * * *
The sky beast shocks you.
* * * LOW HITPOINT WARNING * * *
Eustachio hits you but does no damage. The sky beast hits you.
You die...

## .#
###.#####
........
........ ..###
#.?..#
......###....#
#...@.@...#
#..#.Y<...#
.... ###....#
..#. .....# #
# #....<..
#.....#.#
#.##### .. ..
. ##


You could see Eustachio and a sky beast.

Vanquished Creatures
  An adder (D:2)
  3 leopard geckos
  A ball python (D:2)
  2 bats (D:2)
  3 giant cockroaches
  7 goblins
  6 hobgoblins
  3 quokkas
  2 frilled lizards (D:1)
  2 kobolds
  4 rats
34 creatures vanquished.

Notes
Turn   | Place    | Note
-------+----------+-------------------------------------------
     0 | D:1      | Acheron the Vine Stalker Brigand began the quest for the
                  | Orb.
     0 | D:1      | Reached XP level 1. HP: 11/11 MP: 2/2
   119 | D:1      | Reached skill level 5 in Stealth
   390 | D:1      | Reached XP level 2. HP: 13/15 MP: 3/3
   723 | D:2      | Reached XP level 3. HP: 16/18 MP: 4/4
  1150 | D:3      | Noticed a sky beast
  1157 | D:4      | Noticed Eustachio
  1163 | D:4      | Slain by a sky beast

Illustrated notes

Levels and vault maps discovered:
D:1:      lightli_arrival_statue_moat, layout_basic
D:2:      layout_rooms, minmay_tetromino_o4
D:3:      gammafunk_steamed_eel, layout_basic, minmay_surrounded
D:4:      layout_rooms, okawaru_ov_weapons_minmay, uniq_menkaure, uniq_grinder,
          uniq_eustachio

Skill      XL: |  1  2  3 |
---------------+----------+-----
Stealth        | 5 |  5.9
Fighting       | 2 |  2.0
Short Blades   | 2 |  2.3
Throwing       | 2 |  2.0
Dodging        | |  0.7

Action                   || total
-------------------------++-------
Melee: Dagger            ||    83
       Bite              ||    18
 Stab: Sleeping          ||    14
Armor: Robe              ||     9
       Leather armour    ||     9
Dodge: Dodged            ||    31
